 Dungeon Crawl Stone Soup version 0.27.0-1-g7a089689b8 (webtiles) character file.

Game seed: 14481735972135705717

803 Spaninq the Firebug (level 7, -3/59 HPs)
             Began as an Ogre Fire Elementalist on Aug 17, 2021.
             Slain by Prince Ribbit (16 damage)
             ... while paralysed by Grinder
             ... on level 5 of the Dungeon.
             The game lasted 00:09:40 (3919 turns).

Spaninq the Firebug (Ogre Fire Elementalist)        Turns: 3919, Time: 00:09:41

Health: -3/59      AC:  3    Str: 13    XL:     7   Next: 91%
Magic:  12/14      EV:  1    Int: 18    God:
Gold:   148        SH:  0    Dex:  9    Spells: 14/15 levels left

rFire    . . .     SeeInvis +   j - +0 short sword (venom)
rCold    . . .     Faith    .   (no shield)
rNeg     . . .     Spirit   .   q - +0 robe {Will+}
rPois    .         Reflect  .   (helmet restricted)
rElec    .         Harm     .   (no cloak)
rCorr    .         Rampage  .   (gloves unavailable)
Will     +....                  (boots unavailable)
Stlth    +.........             e - amulet of regeneration
HPRegen  1.19/turn              w - ring of see invisible
MPRegen  0.14/turn              (no ring)

@: paralysed
A: large, unfitting armour, tough skin 1
a: no special abilities


You were on level 5 of the Dungeon.
You visited 1 branch of the dungeon, and saw 5 of its levels.

You collected 148 gold pieces.

Inventory:

Hand Weapons
 i - a +0 mace
 j - a +0 short sword of venom (weapon)
 k - a +3 hunting sling
Missiles
 c - 26 poisoned darts (quivered)
 l - 42 sling bullets
Armour
 q - a +0 robe of willpower (worn)
Jewellery
 e - an amulet of regeneration (around neck)
 r - an amulet of the acrobat
 w - a ring of see invisible (left hand)
Wands
 o - a wand of flame (28)
Scrolls
 b - a scroll of vulnerability {unknown}
 m - 2 scrolls of amnesia {unknown}
 n - a scroll of brand weapon {unknown}
 p - 3 scrolls of identify {unknown}
 u - a scroll of blinking {unknown}
 v - a scroll of acquirement {unknown}
 x - a scroll of fear {unknown}
Potions
 a - a potion of might {unknown}
 d - 2 potions of mutation {unknown}
 f - a potion of resistance {unknown}
 g - 2 potions of curing {unknown}
 h - a potion of magic {unknown}
 s - a potion of attraction {unknown}
 t - a potion of flight {unknown}


   Skills:
 - Level 1.7 Dodging
 - Level 1.4 Stealth
 + Level 4.7 Spellcasting
 * Level 4.8 Conjurations
 * Level 5.6 Fire Magic


You had 14 spell levels left.
You knew the following spells:

 Your Spells              Type           Power      Damage    Failure   Level
a - Foxfire               Conj/Fire      92%        2x1d8     1%          1

Your spell library contained the following spells:

 Spells                   Type           Power      Damage    Failure   Level
 Shock                    Conj/Air       52%        1d6       4%          1
 Conjure Flame            Conj/Fire      23%        6-21      4%          3
 Inner Flame              Hex/Fire       14%        N/A       13%         3
 Sticky Flame             Conj/Fire      23%        2d4       16%         4
 Passwall                 Tmut/Erth      3%         N/A       21%         2
 Swiftness                Air            4%         N/A       38%         3
 Fireball                 Conj/Fire      11%        3d7       41%         5
 Airstrike                Air            2%         N/A       80%         4
 Animate Dead             Necr           2%         N/A       80%         4
 Borgnjor's Vile Clutch   Necr/Erth      2%         N/A       98%         5
 Death Channel            Necr           2%         N/A       100%        6
 Invisibility             Hex            2%         N/A       100%        6


Dungeon Overview and Level Annotations

Branches:
Dungeon (5/15)
 Temple: D:4-7

Altars:
Wu Jian
Yredelemnul
Zin

Annotations:
D:5 1 transporter, Grinder, Prince Ribbit


Innate Abilities, Weirdness & Mutations

You are too large for most types of armour.
You have tough skin. (AC +1)


Message History

Found a transporter.
Casting: Foxfire (safe; 1% risk of failure)
Confirm with . or Enter, or press ? or * to list all spells.
You conjure some foxfire!
Grinder blinks!
Casting: Foxfire (safe; 1% risk of failure)
Confirm with . or Enter, or press ? or * to list all spells.
You conjure some foxfire!
The foxfire hits Prince Ribbit.
Prince Ribbit is lightly wounded.
The foxfire hits Grinder.
Grinder is moderately wounded.
The foxfire hits Prince Ribbit.
Prince Ribbit is lightly wounded.
Your magical contamination has completely faded away.
You closely miss Prince Ribbit.
Prince Ribbit is lightly wounded.
The foxfire hits Prince Ribbit.
Prince Ribbit is moderately wounded.
Prince Ribbit closely misses you. Grinder closely misses you.
You hit Prince Ribbit.
Prince Ribbit is poisoned.
Prince Ribbit is moderately wounded.
Prince Ribbit hits you.
Prince Ribbit blinks!
Grinder hits you!
You completely miss Grinder.
Grinder is moderately wounded.
Grinder blinks!
You barely miss Prince Ribbit.
Prince Ribbit is heavily wounded.
Prince Ribbit hits you!
You hit Prince Ribbit.
Prince Ribbit looks as sick as possible!
Prince Ribbit is heavily wounded.
Prince Ribbit hits you! Grinder gestures at you.
You suddenly lose the ability to move!
Prince Ribbit hits you but does no damage.
Grinder hits you.
* * * LOW HITPOINT WARNING * * *
You writhe in agony.
* * * LOW HITPOINT WARNING * * *
Prince Ribbit hits you!
You die...

....©# $.8## ###.
... +.. #..#####
#......#
#5@F..#..##.
#.....#...#..
###.#.## .....
#.....## ...#
#(###.##.##..# #F#
#.# ....†# ..#
#.#####.†####
######.....#.....#
#....#.#..##.#


You could see Prince Ribbit (extremely poisoned) and Grinder.

Vanquished Creatures
  Pikel (D:5)
  A water moccasin (D:5)
  A lemure (D:5)
  A scorpion (D:5)
  A hound (D:4)
  A jelly (D:5)
  Jessica (D:3)
  A gnoll (D:1)
  2 adders (D:4)
  2 worms (D:2)
  2 dart slugs
  An orc (D:3)
  2 ball pythons
  3 bats (D:1)
  4 endoplasms
  5 giant cockroaches
  7 goblins
  3 hobgoblins
  17 jackals
  3 kobolds
  4 quokkas
  2 frilled lizards
  4 rats
69 creatures vanquished.

Vanquished Creatures (others)
  214 foxfires
214 creatures vanquished.

Grand Total: 283 creatures vanquished

Notes
Turn   | Place    | Note
-------+----------+-------------------------------------------
     0 | D:1      | Spaninq the Ogre Fire Elementalist began the quest for the
                  | Orb.
     0 | D:1      | Reached XP level 1. HP: 16/16 MP: 3/3
    22 | D:1      | Reached skill level 1 in Conjurations
   174 | D:1      | Reached XP level 2. HP: 24/24 MP: 2/5
   274 | D:1      | Reached skill level 3 in Fire Magic
   554 | D:1      | Reached XP level 3. HP: 30/31 MP: 0/7
  1754 | D:2      | Reached XP level 4. HP: 36/39 MP: 4/8
  2276 | D:3      | Noticed Jessica
  2281 | D:3      | Killed Jessica
  2547 | D:3      | Found a basalt altar of Yredelemnul.
  3104 | D:4      | Reached XP level 5. HP: 45/45 MP: 5/9
  3241 | D:4      | Reached skill level 4 in Fire Magic
  3369 | D:4      | Found a glowing silver altar of Zin.
  3449 | D:5      | Entered Level 5 of the Dungeon
  3456 | D:5      | Noticed Grinder
  3482 | D:5      | Noticed a water moccasin
  3489 | D:5      | Killed a water moccasin
  3490 | D:5      | Reached XP level 6. HP: 51/53 MP: 6/11
  3611 | D:5      | Found an ornate altar of the Wu Jian Council.
  3766 | D:5      | Noticed Pikel
  3790 | D:5      | Killed Pikel
  3791 | D:5      | Reached skill level 5 in Fire Magic
  3791 | D:5      | Reached XP level 7. HP: 28/59 MP: 0/14
  3910 | D:5      | Noticed Prince Ribbit
  3911 | D:5      | Found a transporter.
  3918 | D:5      | Paralysed by Grinder for 7 turns
  3919 | D:5      | Slain by Prince Ribbit

Illustrated notes

Levels and vault maps discovered:
D:1:      dpeg_arrival_line_fractal, layout_basic, kennysheep_doodads
D:2:      layout_loops_ring, amcnicky_mini_corridor_feature,
          chequers_serial_rivers_large_b
D:3:      layout_loops_ring, mainiacjoe_overflow_catwalk, uniq_jessica
D:4:      layout_rooms, lemuel_coloured_pillars_altar
D:5:      layout_basic, pdpol_wu_jian_five_deadly_venoms,
          minmay_temple_entry_glass, gammafunk_ghost_arena, uniq_blork_the_orc,
          uniq_prince_ribbit1, uniq_pikel, uniq_grinder

Skill      XL: |  1  2  3  4  5  6 |
---------------+-------------------+-----
Conjurations   | 1 2 3 4 |  4.8
Fire Magic     | 3 4 5 |  5.6
Spellcasting   | 3 4 |  4.7
Dodging        | |  1.7
Stealth        | |  1.4

Action                   |  1- 3 |  4- 6 |  7- 9 || total
-------------------------+-------+-------+-------++-------
Melee: Unarmed           |    14 |       |       ||    14
       Short sword       |     6 |    23 |     5 ||    34
Throw: Dart              |     7 |       |       ||     7
 Cast: Foxfire           |    67 |    58 |     3 ||   128
 Stab: Sleeping          |       |     1 |       ||     1
Armor: Robe              |    11 |     2 |     1 ||    14
Dodge: Dodged            |     8 |     6 |     2 ||    16
